 Dungeon Crawl Stone Soup version 0.22-a0-284-g99d1f74 (webtiles) character file.

41 Amnesiac the Ducker (level 3, 0/19 HPs)
             Began as a Spriggan Fighter on Mar 21, 2018.
             Slain by Robin
             ... wielding a +0 dagger
              (3 damage)
             ... on level 1 of the Dungeon.
             The game lasted 00:01:41 (588 turns).

Amnesiac the Ducker (Spriggan Fighter)               Turns: 588, Time: 00:01:42

Health: 0/19       AC:  2    Str: 13    XL:     3   Next: 32%
Magic:  4/4        EV: 19    Int:  9    God:
Gold:   52         SH:  6    Dex: 15    Spells: 2/2 levels left

rFire    + . .     SeeInvis +   a - +0 long sword
rCold    . . .     Gourm    .   c - +0 buckler
rNeg     . . .     Faith    .   b - +0 robe
rPois    .         Spirit   .   (helmet restricted)
rElec    .         Reflect  .   (no cloak)
rCorr    .         Harm     .   (gloves unavailable)
MR       .....                  (boots unavailable)
Stlth    +.........             (no amulet)
HPRegen  0.06/turn              h - ring of protection from fire
MPRegen  0.09/turn              (no ring)

@: very quick
A: very small, unfitting armour, see invisible, herbivore, speed 3, slow
metabolism 2
a: no special abilities


You were on level 1 of the Dungeon.
You were not hungry.

You visited 1 branch of the dungeon, and saw 2 of its levels.

You collected 52 gold pieces.

Inventory:

Hand Weapons
 a - a +0 long sword (weapon)
Missiles
 g - a throwing net (quivered)
Armour
 b - a +0 robe (worn)
 c - a +0 buckler (worn)
Jewellery
 h - a ring of protection from fire (left hand)
Scrolls
 e - 3 scrolls of remove curse {!r, unknown}
 i - a scroll of immolation {!r, unknown}
Potions
 d - a potion of might {!q}
 j - a potion of curing {!q, unknown}
Comestibles
 f - 2 rations


   Skills:
 + Level 2.7 Fighting
 * Level 2.3 Long Blades
 + Level 4.9 Dodging
 + Level 2.4 Shields


You had 2 spell levels left.
You didn't know any spells.

Dungeon Overview and Level Annotations

Branches:
Dungeon (2/15)

Altars:

Annotations:
D:1 Robin


Innate Abilities, Weirdness & Mutations

You are very small and have problems with some larger weapons.
You are too small for most types of armour.
You have supernaturally acute eyesight. (SInv)
You are a herbivore.
You cover ground extremely quickly.
You need to consume almost no food.


Message History

You block the goblin's attack.
There is a stone staircase leading up here.
You can't go down here!
The goblin shouts!
You hear a shout! x2
The goblin hits you but does no damage. The goblin closely misses you.
You climb upwards.
There is a stone staircase leading down here.
You slash the goblin!
You kill the goblin!
You block the goblin's attack. The goblin misses you.
You barely miss the goblin. The goblin hits you with a club.
You completely miss the goblin. The goblin completely misses you.
You riposte.
You closely miss the goblin. You slash the goblin!
You kill the goblin!
No target in view!
No target in view!
Items here: ))) † a club x2; a dagger; a goblin corpse
Things that are here:
a club; a goblin corpse
There is a stone staircase leading down, spattered with blood here.
You start resting.
HP restored.
You climb downwards.
Level annotation: Robin A goblin comes into view.
It is wielding a dagger.
The goblin closely misses you.
You riposte.
You closely miss the goblin.
Robin roars a battlecry!
The goblins go into a battle-frenzy!
The goblin barely misses you.
There is a stone staircase leading up here.
You hit the goblin.
You kill the goblin!
Robin throws the goblin at you! The goblin hits you with a dagger.
You barely miss the goblin. The goblin completely misses you.
You riposte.
You hit the goblin.
You kill the goblin!
Robin roars a battlecry!
The goblin goes into a battle-frenzy!
A goblin comes into view. It is wielding a dagger.
A hobgoblin comes into view.
You hit Robin but do no damage. Robin throws the goblin at you!
You block the goblin's attack.
Robin roars a battlecry!
The hobgoblin goes into a battle-frenzy!
The goblin hits you with a dagger.
* * * LOW HITPOINT WARNING * * *
You climb upwards.
There is a stone staircase leading down, spattered with blood here.
Items here: ))) † a club x2; a dagger; a goblin corpse You hit Robin but do no damage.
You closely miss the goblin. Robin throws the goblin at you!
* * * LOW HITPOINT WARNING * * *
The goblin closely misses you. Robin closely misses you.
The goblin hits you with a dagger.
* * * LOW HITPOINT WARNING * * *
You barely miss the goblin. You block the goblin's attack.
Robin closely misses you.
You barely miss the goblin. The goblin hits you but does no damage.
Robin says, "Bow before me, strongest of all the hobgoblins!"
Robin hits you with a dagger.
You die...

#.......#.#
#.......#.#)#
#.......#...#
........[##..#
....####.##..###
.....#...##....#
##........))#.#
#........÷g.#>..#
###.#.....@g#.###
#
#.......#)#######
#.......#.......#
#.......#######.#
#.......# #.####
##......# #..).#
##.......
#######.#
####..##.#.......#
...# #[#######


You could see Robin and a goblin.

Vanquished Creatures
  A gnoll (D:1)
  A worm (D:1)
  A leopard gecko (D:1)
  10 goblins
  6 hobgoblins (D:1)
  2 bats (D:1)
  A frilled lizard (D:1)
  A rat (D:2)
23 creatures vanquished.

Notes
Turn   | Place    | Note
-------+----------+-------------------------------------------
     0 | D:1      | Amnesiac the Spriggan Fighter began the quest for the Orb.
     0 | D:1      | Reached XP level 1. HP: 11/11 MP: 2/2
    40 | D:1      | Reached XP level 2. HP: 10/16 MP: 3/3
   281 | D:2      | Noticed Robin
   485 | D:1      | Reached XP level 3. HP: 19/19 MP: 4/4
   588 | D:1      | Slain by Robin

Vault maps used:
D:1:      lightli_arrival_boilingwater
D:2:      tgw_xom, first_ration, minmay_misc_feat_iff, uniq_robin, uniq_terence

Skill      XL: |  1 |
---------------+----+-----
Long Blades    | 2 |  2.3
Fighting       | |  2.7
Dodging        | |  4.9
Shields        | |  2.4

Action                   || total
-------------------------++-------
Melee: Long sword        ||    65
 Stab: Sleeping          ||     1
Armor: Robe              ||     5
Dodge: Dodged            ||    54
Block: Buckler           ||    23
       Rpst.: Long sword ||    21

Table legend:
 A = Spawn XP
 B = Non-spawn XP
 C = Spawn XP percentage of total XP
 D = Spawn monster count
 E = Non-spawn monster count
 F = Spawn count percentage of total count
 G = Total turns spent on level
                    A         B        C        D         E        F      G
               +---------+---------+-------+---------+---------+-------+---------
         Total |       0 |      59 |   0.0 |       0 |      23 |   0.0 |   588
               +---------+---------+-------+---------+---------+-------+---------
           D:1 |       0 |      54 |   0.0 |       0 |      20 |   0.0 |   560
           D:2 |       0 |       5 |   0.0 |       0 |       3 |   0.0 |    28
               +---------+---------+-------+---------+---------+-------+---------
